Map: Echo LE (Void)

Players

ByuN - Winner!

  • Race: Terran Terran
  • Spawn Location: 5:00

iAsonu

  • Race: Zerg Zerg
  • Spawn Location: 11:00

Event: IEM Season 11 - Gyeonggi

VOD

Have the link to the VOD?

Description

Time

  • Played on: Dec. 14, 2016, 5:34 a.m.
  • Length: 10:05

All games in this series

Show
View Real Time Build Order
Export as new Build Order

ByuN Terran - Winner!

Build Orders: Reaper Expand, MMM Bio 

Get SALT Encoding   

  12  0:00  SCV  
  13  0:12  SCV  
  14  0:17  Supply Depot  
  14  0:24  SCV  
  15  0:38  SCV  
  15  0:40  Barracks  
  15  0:42  Refinery  
  16  0:50  SCV  
  17  1:03  SCV  
  18  1:15  SCV  
  19  1:26  Reaper  
  19  1:27  Orbital Command  
  20  1:38  Command Center  
  20  1:49  Barracks  
  20  1:52  SCV  
  21  1:58  Barracks Reactor  
  21  2:02  Supply Depot  
  21  2:04  SCV  
  22  2:10  Refinery  
  22  2:19  Factory  
  22  2:21  SCV  
  23  2:33  SCV  
  23  2:35  Marine x2  
  23  2:36  Barracks Tech Lab  
  26  2:45  SCV  
  27  2:53  Orbital Command  
  27  2:54  Stimpack  
  27  2:55  Marine x2  
  29  2:58  SCV  
  29  3:01  Marine  
  31  3:10  Starport  
  31  3:13  Marine  
  31  3:14  Marine  
  31  3:18  Factory Reactor  
  33  3:20  SCV  
  33  3:21  SCV  
  33  3:26  Marine  
  36  3:29  Supply Depot  
  36  3:33  Marine x2  
  38  3:40  SCV x2  
  40  3:43  Marine  
  41  3:51  Supply Depot  
  41  3:52  SCV x2  
  41  3:54  Marine  
  41  3:55  Marine  
  45  3:59  Medivac  
  45  4:00  Medivac  
  49  4:04  Marine  
  49  4:05  SCV x2  
  52  4:12  Marine x2  
  52  4:14  Supply Depot  
  54  4:17  SCV  
  54  4:18  SCV  
  54  4:22  Marine  
  57  4:29  Engineering Bay  
  57  4:30  SCV x2  
  57  4:31  Engineering Bay  
  59  4:32  Marine x2  
  59  4:38  Medivac  
  62  4:39  Marine  
  62  4:42  SCV x2  
  62  4:45  Supply Depot  
  65  4:53  Marine  
  65  4:54  Marine  
  65  4:55  Combat Shields  
  65  4:57  Marine  
  67  5:07  Terran Infantry Armor Level 1  
  67  5:08  Terran Infantry Weapons Level 1  
  67  5:11  Marine x2  
  69  5:15  Marine  
  69  5:17  Factory Tech Lab  
  67  5:27  Command Center  
  67  5:28  SCV x2  
  68  5:29  Marine x2  
  68  5:33  Marine  
  63  5:39  Siege Tank  
  63  5:40  Refinery  
  63  5:41  Refinery  
  64  5:45  SCV x2  
  64  5:47  Marine x2  
  68  5:51  Marine  
  68  5:55  Barracks  
  66  5:59  SCV x2  
  67  6:05  Marine x2  
  67  6:08  Marine  
  67  6:11  Barracks, SCV x2, Siege Tank  
  70  6:12  Barracks  
  70  6:13  Medivac  
  77  6:22  Marine  
  77  6:23  Supply Depot  
  78  6:25  Supply Depot  
  78  6:32  Marine x2  
  78  6:33  SCV x2  
  78  6:36  Armory  
  78  6:38  Orbital Command  
  82  6:42  Marine  
  82  6:43  Barracks Reactor  
  82  6:45  SCV x2  
  85  6:47  Supply Depot  
  85  6:50  Marine x2  
  87  6:56  Siege Tank  
  87  6:57  SCV x2  
  87  7:00  Marine  
  93  7:06  Missile Turret  
  93  7:08  Marine x3  
  89  7:09  SCV x2  
  92  7:16  Barracks Reactor  
  92  7:17  SCV  
  92  7:18  Marine  
  92  7:21  SCV  
  92  7:25  Marine x2  
  92  7:26  Marine x3  
  92  7:27  SCV  
  92  7:28  Siege Tank  
  99  7:30  SCV  
  99  7:32  Terran Infantry Weapons Level 2  
  99  7:33  SCV  
  99  7:35  Marine  
  99  7:36  Terran Infantry Armor Level 2  
  101  7:42  Marine, Supply Depot  
  101  7:43  Marine  
  101  7:44  Marine, Medivac  
  104  7:48  SCV x3  
  109  7:51  Refinery  
  109  7:53  Terran Vehicle Weapons Level 1  
  109  7:54  Supply Depot  
  109  7:56  Marine x2  
  109  7:57  Marine x2, Unknown  
  114  8:00  Barracks Reactor, Concussive Shells, Marine  
  114  8:02  SCV x2  
  114  8:04  SCV  
  117  8:05  Supply Depot  
  117  8:08  Siege Tank  
  120  8:16  Marine x6  
  120  8:17  Medivac  
  120  8:18  Marine  
  128  8:23  Medivac  
  130  8:28  Barracks  
  130  8:29  Barracks  
  130  8:30  Barracks  
  130  8:35  Marine  
  130  8:36  Marine x7  
  130  8:40  Siege Tank  
  138  8:47  Medivac  
  139  8:56  Marine x7  
  139  8:57  Marine, Marauder  
  139  9:00  Supply Depot x2  
  143  9:03  Supply Depot  
  138  9:13  Marine  
  138  9:14  Marine x7, Siege Tank  
  138  9:17  Barracks Tech Lab x3  
  148  9:22  Marauder  
  150  9:38  Marauder x3  
  156  9:45  Command Center  
  155  9:46  Marine  
  155  9:47  Marine  
Show
View Real Time Build Order
Export as new Build Order

iAsonu Zerg 

Build Orders: Pool First 

Get SALT Encoding   

  12  0:01  Drone  
  13  0:13  Overlord  
  13  0:17  Drone  
  14  0:31  Drone x2  
  17  0:35  Drone  
  17  0:45  Spawning Pool  
  17  0:47  Drone  
  17  1:09  Hatchery  
  17  1:10  Drone  
  17  1:13  Drone  
  18  1:19  Drone  
  18  1:24  Extractor  
  18  1:31  Queen  
  18  1:32  Zergling x2  
  21  1:40  Overlord  
  21  1:50  Drone  
  22  2:01  Drone  
  23  2:07  Queen  
  25  2:12  Drone  
  26  2:21  Hatchery  
  26  2:22  Drone  
  26  2:23  Drone  
  27  2:33  Drone  
  27  2:35  Queen  
  29  2:37  Drone  
  29  2:39  Drone  
  31  2:45  Overlord  
  31  2:47  Drone  
  32  2:53  Drone x2  
  32  2:55  Drone  
  35  3:01  Drone  
  37  3:05  Drone  
  37  3:09  Drone  
  38  3:16  Drone  
  38  3:17  Drone  
  38  3:18  Overlord  
  40  3:20  Drone x3  
  40  3:23  Drone  
  44  3:32  Overlord  
  45  3:34  Drone x2  
  45  3:36  Drone, Queen  
  49  3:44  Drone x2  
  49  3:45  Drone  
  49  3:46  Drone  
  49  3:48  Overlord  
  53  3:50  Drone x2  
  53  3:54  Roach Warren  
  53  3:55  Extractor  
  53  3:57  Drone  
  53  3:58  Drone x2  
  53  4:02  Overlord  
  56  4:06  Drone  
  56  4:07  Drone  
  58  4:14  Drone  
  59  4:20  Overlord  
  59  4:27  Queen  
  59  4:29  Overlord  
  60  4:33  Overlord  
  60  4:35  Roach x8  
  76  4:42  Roach  
  76  4:43  Queen  
  80  4:46  Roach  
  80  4:49  Overlord  
  82  4:54  Overlord  
  79  5:05  Overlord  
  74  5:07  Roach  
  74  5:08  Roach x3  
  74  5:11  Queen  
  81  5:18  Lair  
  81  5:20  Drone x3  
  72  5:25  Drone  
  72  5:26  Drone x5  
  72  5:28  Drone  
  75  5:33  Drone x2  
  77  5:36  Drone  
  77  5:40  Spore Crawler  
  77  5:42  Drone x2  
  79  5:48  Drone x3  
  79  5:49  Drone  
  83  5:51  Drone  
  83  5:53  Drone  
  83  5:54  Drone  
  84  6:01  Drone  
  84  6:02  Drone x2  
  83  6:06  Drone, Extractor  
  83  6:09  Extractor  
  83  6:10  Drone x2, Evolution Chamber x2  
  82  6:13  Drone  
  83  6:19  Queen  
  83  6:21  Drone x2, Extractor  
  83  6:22  Drone x2  
  83  6:24  Glial Reconstitution  
  89  6:25  Drone  
  89  6:26  Drone  
  89  6:30  Drone x2  
  89  6:31  Drone  
  93  6:35  Drone  
  93  6:37  Queen  
  93  6:38  Drone  
  97  6:43  Drone  
  97  6:46  Extractor  
  97  6:47  Infestation Pit  
  97  6:48  Roach x3  
  97  6:52  Spore Crawler  
  101  6:56  Zerg Ground Armor Level 1, Zerg Missile Weapons Level 1  
  103  7:01  Roach x2  
  103  7:06  Roach x3  
  93  7:19  Roach  
  91  7:23  Roach x4  
  97  7:33  Infestor x3  
  97  7:35  Burrow  
  97  7:36  Overlord  
  103  7:39  Drone  
  103  7:40  Overseer  
  103  7:43  Drone x3  
  107  7:44  Overlord  
  107  7:49  Roach x4  
  115  7:52  Overlord  
  115  7:55  Roach, Hatchery  
  115  7:56  Roach x2  
  120  8:04  Roach x5  
  130  8:05  Ravager  
  130  8:06  Ravager  
  130  8:09  Overseer  
  132  8:15  Roach x4  
  140  8:24  Overlord  
  142  8:27  Roach x3  
  142  8:32  Hive  
  125  8:56  Infestor x2  
  125  9:00  Queen  
  123  9:11  Roach x5  
  123  9:16  Overlord  
  131  9:17  Overlord  
  131  9:20  Drone x9  
  131  9:23  Roach x3  
  146  9:37  Roach x5  

Tags
 
Add a new tag
Caveats
  • Supply blocks, unpowered buildings, or Contaminate may cause inaccurate times.
  • Supply counts are checked every 10 seconds.